 Dungeon Crawl Stone Soup version 0.24.0-13-gcf9b3192b9 (webtiles) character file.

Game seed: 10261930257052950925, levelgen mode: deterministic

58 Midas the Bolt Thrower (level 4, 0/31 HPs)
             Began as an Octopode Hunter on Nov 10, 2019.
             Slain by a goblin
             ... wielding a +0 dagger
             ... led by Robin
              (3 damage)
             ... on level 2 of the Dungeon.
             The game lasted 00:01:28 (1219 turns).

Midas the Bolt Thrower (Octopode Hunter)            Turns: 1219, Time: 00:01:29

Health: 0/31       AC:  1    Str: 11    XL:     4   Next: 1%
Magic:  4/4        EV: 13    Int: 14    God:
Gold:   83         SH:  0    Dex: 12    Spells: 3/3 levels left

rFire    . . .     SeeInvis .   b - +0 short sword
rCold    . . .     Gourm    .   (no shield)
rNeg     . . .     Faith    .   (helmet restricted)
rPois    .         Spirit   .   (no amulet)
rElec    .         Reflect  .   (no ring)
rCorr    .         Harm     .   (no ring)
MR       .....                  (no ring)
Stlth    +++.......             (no ring)
HPRegen  0.10/turn              (no ring)
MPRegen  0.09/turn              (no ring)
                                (no ring)
                                (no ring)

@: no status effects
A: almost no armour, stealthy swim, amphibious, 8 rings, constrict 8, camouflage
1, gelatinous body 1
a: no special abilities


You were on level 2 of the Dungeon.
You were hungry.

You visited 1 branch of the dungeon, and saw 2 of its levels.

You collected 83 gold pieces.

Inventory:

Hand Weapons
 a - a +1 hand crossbow
 b - a +0 short sword (weapon)
Missiles
 c - 20 bolts
 k - 18 poisoned darts (quivered)
Scrolls
 e - a scroll of random uselessness {unknown}
 f - 5 scrolls of remove curse {unknown}
 g - a scroll of enchant weapon {unknown}
 h - 2 scrolls of identify {unknown}
 i - a scroll of enchant armour {unknown}
Potions
 j - a potion of curing {unknown}
 l - a potion of ambrosia {unknown}
Comestibles
 d - 4 rations


   Skills:
 + Level 3.2 Fighting
 - Level 4.0 Crossbows
 - Level 2.0 Dodging
 + Level 3.9 Stealth


You had 3 spell levels left.
You didn't know any spells.
Your spell library was empty.

Dungeon Overview and Level Annotations

Branches:
Dungeon (2/15)

Altars:

Annotations:
D:2 Robin


Innate Abilities, Weirdness & Mutations

You cannot wear most types of armour.
You are very stealthy in the water. (Stealth+)
You are amphibious.
You can wear up to eight rings at the same time.
You can use your tentacles to constrict eight enemies at once.
Your skin changes colour to match your surroundings (Stealth+).
Your rubbery body absorbs attacks. (AC +1, EV +1)


Message History

The goblin shouts!
The goblin moves out of view.
The hobgoblin moves out of view.
A goblin comes into view. It is wielding a +0 club.
The goblin shouts!
You hear a shout!
A goblin comes into view.
Robin roars a battlecry!
The goblins go into a battle-frenzy!
Robin throws the goblin at you!
You hit the goblin. Your grab misses the goblin.
The goblin is severely wounded.
The goblin hits you but does no damage. Robin throws the goblin at you!
* * * LOW HITPOINT WARNING * * *
A goblin comes into view. It is wielding a +0 dagger.
The goblin hits you with a +0 club.
* * * LOW HITPOINT WARNING * * *
The goblin hits you with a +0 dagger.
* * * LOW HITPOINT WARNING * * *
Unknown command.
The goblin hits you with a +0 dagger.
You die...

#................#.
##..####.........####.....
.........#(#........'.....
.....###.#.#......###.....
.......#.#.#......###.....
.......#.#.#..............
.......#%#.#..............
......>#.#g##.g...........
.......†...g..gg@.........
#......#g#.####+#.........
..................########
#####.##.#........#
......#†......†#
###.##.#........# #?
#.#........# ..
..#........# #.
###........#


You could see Robin, a hobgoblin and 3 goblins.

Vanquished Creatures
  2 adders (D:2)
  A dart slug (D:1)
  A leopard gecko (D:2)
  2 bats (D:1)
  A giant cockroach (D:2)
  5 hobgoblins (D:1)
  7 jackals (D:2)
  A quokka (D:2)
  A frilled lizard (D:2)
  3 goblins (D:1)
  3 kobolds (D:1)
  7 rats
34 creatures vanquished.

Notes
Turn   | Place    | Note
-------+----------+-------------------------------------------
     0 | D:1      | Midas the Octopode Hunter began the quest for the Orb.
     0 | D:1      | Reached XP level 1. HP: 14/14 MP: 1/1
   226 | D:1      | Reached XP level 2. HP: 18/20 MP: 2/2
   671 | D:2      | Reached XP level 3. HP: 16/25 MP: 3/3
  1192 | D:2      | Reached XP level 4. HP: 9/31 MP: 4/4
  1194 | D:2      | Noticed Robin
  1219 | D:2      | Slain by a goblin

Levels and vault maps discovered:
D:1:      tarquinn_simple_flora_water_f, layout_rooms,
          chequers_serial_rivers_small_3, minmay_misc_feat_four_crosses,
          minmay_quantized
D:2:      layout_basic, hangedman_decor_opposing, uniq_robin

Skill      XL: |  1  2  3 |
---------------+----------+-----
Stealth        | 2 3 |  3.9
Fighting       | 3 |  3.2
Crossbows      | |  4.0
Dodging        | |  2.0

Action                   |  1- 3 |  4- 6 || total
-------------------------+-------+-------++-------
Melee: Short sword       |    78 |     1 ||    79
       Constrict         |    21 |       ||    21
       Tentacles         |    11 |       ||    11
 Fire: Hand crossbow     |     2 |       ||     2
 Stab: Sleeping          |     5 |       ||     5
Armor: Skin              |    10 |       ||    10
Dodge: Dodged            |    56 |       ||    56
